 Dungeon Crawl Stone Soup version 0.20.1-1-g8b1a95d (webtiles) character file.

248 Mesmaeker13 the Conjurer (level 5, -5/38 HPs)
             Began as a Draconian Wizard on Aug 31, 2017.
             Slain by Edmund
             ... wielding a +0 dire flail of protection
              (7 damage)
             ... on level 4 of the Dungeon.
             The game lasted 00:08:50 (5609 turns).

Mesmaeker13 the Conjurer (Draconian Wizard)         Turns: 5609, Time: 00:08:51

Health: -5/38      AC:  6    Str:  9    XL:     5   Next: 86%
Magic:  2/10       EV: 13    Int: 20    God:
Gold:   132        SH:  0    Dex:  9    Spells: 4/10 levels left

rFire    . . .     SeeInvis .   u - +3 hand axe
rCold    . . .     Gourm    .   (no shield)
rNeg     . . .     Faith    .   (armour unavailable)
rPois    .         Spirit   .   a - +0 hat
rElec    .         Reflect  .   d - +0 cloak
rCorr    .         Harm     .   (no gloves)
MR       .....                  (no boots)
Stlth    ++........             (no amulet)
Regen    0.2/turn               (no ring)
MPRegen  0.2/turn               (no ring)

@: no status effects
A: unfitting armour, cold-blooded, AC +5
a: no special abilities


You were on level 4 of the Dungeon.
You were hungry.

You visited 1 branch of the dungeon, and saw 4 of its levels.

You collected 132 gold pieces.

Inventory:

Hand Weapons
 f - a +0 short sword
 p - a +0 blowgun
 u - a +3 hand axe (weapon)
Armour
 a - a +0 hat (worn)
 d - a +0 cloak (worn)
Scrolls
 e - a scroll of blinking
 g - a scroll of enchant weapon {unknown}
 m - a scroll of recharging
 n - a scroll of remove curse
 r - a scroll of teleportation {unknown}
Potions
 i - a potion of mutation {unknown}
 j - 2 potions of heal wounds {unknown}
 l - a potion of berserk rage {unknown}
 s - a potion of ambrosia {unknown}
 t - a potion of curing {unknown}
Books
 b - a book of Minor Magic

   Spells                             Type                      Level
   a - Magic Dart                     Conjuration                  1
   b - Blink                          Translocation                2
   c - Call Imp                       Summoning                    2
   d - Slow                           Hexes                        2
   e - Conjure Flame                  Conjuration/Fire             3
   f - Mephitic Cloud                 Conjuration/Poison/Air       3
 o - a book of Maledictions

   Spells                             Type                      Level
   a - Corona                         Hexes                        1
   b - Ensorcelled Hibernation        Hexes/Ice                    2
   c - Confuse                        Hexes                        3
   d - Tukima's Dance                 Hexes                        3
   e - Dazzling Spray                 Conjuration/Hexes            3
Comestibles
 c - 3 bread rations
 k - a royal jelly


   Skills:
 + Level 3.1 Dodging
 - Level 1.7 Stealth
 - Level 3.4 Spellcasting
 + Level 3.8 Conjurations
 + Level 2.8 Summonings
   Level 1.0 Translocations
 + Level 0.0 Poison Magic


You had 4 spell levels left.
You knew the following spells:

 Your Spells              Type           Power        Failure   Level  Hunger
a - Magic Dart            Conj           ###.         2%          1    None
b - Call Imp              Summ           ##......     6%          2    ##.....
c - Mephitic Cloud        Conj/Pois/Air  #.......     24%         3    ###....


Dungeon Overview and Level Annotations

Branches:
Dungeon (4/15)
 Temple: D:4-7

Altars:
Qazlal
Ru

Annotations:
D:4 Edmund


Innate Abilities, Weirdness & Mutations

Your plain brown scales are hard. (AC +5)
You cannot fit into any form of body armour.
You are cold-blooded and may be slowed by cold attacks.


Message History

You hit Edmund but do no damage.
Edmund is severely wounded.
Edmund chortles and stares into space.
You hit Edmund.
Your tail-slap misses Edmund.
Edmund is severely wounded.
You hit Edmund but do no damage.
Edmund is severely wounded.
Edmund barely misses you.
You hit Edmund but do no damage.
Edmund is severely wounded.
You barely miss Edmund.
Edmund is severely wounded.
Edmund looks very confused.
Edmund hits you with a dire flail of protection!
* * * LOW HITPOINT WARNING * * *
Edmund closely misses you.
You completely miss Edmund.
Edmund is severely wounded.
Edmund hits you with a dire flail of protection!
You die...

##### #.# #..<....#
###...###.#######...#
#.'.......<..........#
#.#...###.########...#
#.#...# #.#((..@.#...#
#.#...# #.#(####'#...#
#.#...# #.#(# .....#
#.#...# #.#@# ..@..
#.#...# #.#@# .....#
#.##### #.#.# ...#...
#.#######.#.# ...#...
#.........#.# ?..# ..
###########.# #.#
############.#
#............#
#.##########.#######


You could see Edmund (confused).

Vanquished Creatures
  2 orc priests (D:3)
  2 gnolls
  4 adders
  3 oozes
  3 worms
  5 dart slugs
  2 leopard geckos
  5 orcs (D:3)
  8 giant cockroaches
  8 hobgoblins
  A quokka (D:3)
  11 bats
  4 frilled lizards
  3 goblins
  6 kobolds
  11 rats
78 creatures vanquished.

Vanquished Creatures (collateral kills)
  A worker ant (D:4)
  A worm (D:2)
  An orc (D:3)
  3 jackals (D:2)
6 creatures vanquished.

Grand Total: 84 creatures vanquished

Notes
Turn   | Place    | Note
-------+----------+-------------------------------------------
     0 | D:1      | Mesmaeker13 the Draconian Wizard began the quest for the Orb.
     0 | D:1      | Reached XP level 1. HP: 14/14 MP: 4/4
   682 | D:1      | Reached XP level 2. HP: 11/20 MP: 0/6
  1178 | D:1      | Reached XP level 3. HP: 26/26 MP: 1/7
  1766 | D:1      | Learned a level 2 spell: Call Imp
  1904 | D:2      | Found a sacrificial altar of Ru.
  2927 | D:2      | Noticed a fire elemental
  3085 | D:2      | Noticed an earth elemental
  3087 | D:2      | Reached XP level 4. HP: 33/33 MP: 0/9
  3162 | D:2      | Found a stormy altar of Qazlal.
  3165 | D:2      | Noticed a water elemental
  3165 | D:2      | Noticed an air elemental
  4182 | D:3      | Reached XP level 5. HP: 38/38 MP: 6/10
  5462 | D:4      | Noticed Edmund
  5475 | D:3      | Learned a level 3 spell: Mephitic Cloud
  5609 | D:4      | Slain by Edmund

Skill      XL: |  1  2  3  4  5 |
---------------+----------------+-----
Dodging        | 2 3 |  3.1
Conjurations   | 2 3 |  3.8
Summonings     | 2 |  2.8
Stealth        | |  1.7
Spellcasting   | |  3.4
Translocations | |  1.0

Action                   |  1- 3 |  4- 6 || total
-------------------------+-------+-------++-------
Melee: Unarmed           |    22 |       ||    22
       Tailslap          |     6 |     4 ||    10
       Short sword       |    37 |       ||    37
       Blowgun           |       |     2 ||     2
       Hand axe          |       |    21 ||    21
 Fire: Blowgun           |       |    28 ||    28
 Cast: Magic Dart        |   114 |   112 ||   226
       Call Imp          |     2 |     4 ||     6
       Mephitic Cloud    |       |     3 ||     3
  Use: Scroll            |     1 |     6 ||     7
 Stab: Confused          |       |     1 ||     1
  Eat: Chunk             |     7 |     7 ||    14
Armor: Skin              |    30 |     9 ||    39
Dodge: Dodged            |    53 |    24 ||    77
